 Dungeon Crawl Stone Soup version 0.13.1-20-gf50ca03 (webtiles) character file.

577 Kae the Firebug (level 6, 0/32 HPs)
             Began as a Tengu Fire Elementalist on Dec 30, 2013.
             Killed from afar by an orc wizard (6 damage)
             ... with a magic dart
             ... on Level 4 of the Dungeon.
             The game lasted 00:08:27 (4749 turns).

Kae the Firebug (Tengu Fire Elementalist)           Turns: 4749, Time: 00:08:28

HP   0/32        AC  2     Str  8      XL: 6   Next: 61%
MP  11/13        EV 12     Int 22      God:
Gold 227         SH  0     Dex 15      Spells:  3 memorised,  3 levels left

Res.Fire  : + . .   See Invis. : .   o - staff of fire
Res.Cold  : . . .   Warding    : .   a - +0 robe
Life Prot.: . . .   Conserve   : .   (no shield)
Res.Poison: .       Res.Corr.  : .   (helmet restricted)
Res.Elec. : .       Clarity    : .   (no cloak)
Sust.Abil.: . .     Spirit.Shd : .   (no gloves)
Res.Mut.  : .       Stasis     : .   (boots unavailable)
Res.Rott. : .       Flight     : .   m - amulet of rage
Saprovore : . . .                    (no ring)
                                     (no ring)

@: brilliant, slightly resistant to hostile enchantments, fairly stealthy
A: able to fly, beak, talons 3
a: Fly, Evoke Berserk Rage


You were on level 4 of the Dungeon.
You were hungry.

You visited 1 branch of the dungeon, and saw 5 of its levels.

You collected 207 gold pieces.

Inventory:

Hand weapons
 h - a +0,+0 spear
Missiles
 g - 54 darts (quivered)
 r - 2 darts of frost
Armour
 a - a +0 robe (worn)
Comestibles
 c - a bread ration
 i - 3 meat rations
Scrolls
 e - a scroll of teleportation
 f - a scroll of recharging {unknown}
 j - a scroll of fog
 k - 3 scrolls of identify
 n - a scroll of magic mapping
 p - 2 scrolls of remove curse
Jewellery
 l - an uncursed ring of teleportation
 m - an amulet of rage (around neck)
 q - an uncursed amulet of clarity {unknown}
 t - an uncursed ring of ice {unknown}
Potions
 d - a potion of brilliance
 s - a potion of agility {unknown}
Books
 b - a book of Flames

   Spells                             Type                      Level
   *Flame Tongue                      Conjuration/Fire             1
   *Throw Flame                       Conjuration/Fire             2
   *Conjure Flame                     Conjuration/Fire             3
   Inner Flame                        Hexes/Fire                   3
   Sticky Flame                       Conjuration/Fire             4
   Fireball                           Conjuration/Fire             5
Magical staves
 o - an uncursed staff of fire (weapon)


   Skills:
 - Level 2.1 Dodging
 - Level 2.0 Stealth
 + Level 2.4 Spellcasting
 * Level 5.2 Conjurations
 * Level 5.9 Fire Magic


You had 3 spell levels left.
You knew the following spells:

 Your Spells              Type           Power        Failure   Level  Hunger
a - Flame Tongue          Conj/Fire      #####        1%          1    None
b - Throw Flame           Conj/Fire      ######       1%          2    ##.....
c - Conjure Flame         Conj/Fire      ######..     1%          3    ###....


Dungeon Overview and Level Annotations

Branches:
Dungeon (5/27)
 Temple: D:4-7

Altars:
Xom
Zin

Shops:
D:4 %


Innate Abilities, Weirdness & Mutations

You can fly.
You have a beak for a mouth.
You have claws for feet.


Message History

Aiming: Flame Tongue
Press: ? - help, Shift-Dir - straight line, f/p - orc wizard
Aim: an orc wizard, wielding an orcish dagger and wearing an orcish robe (heavily wounded, moving very quickly)
You feel a surge of power!
The flame hits the orc wizard.
The orc wizard is heavily wounded.
The orc wizard casts a spell at you. The magic dart hits you!
* * * LOW HITPOINT WARNING * * *
The orc wizard gestures wildly while chanting.
The orc wizard seems to speed up.
The orc wizard hits you with an orcish dagger.
* * * LOW HITPOINT WARNING * * *
Read which item? (? for menu, Esc to quit)
Okay, then.
Drink which item? (? for menu, Esc to quit)
You feel clever all of a sudden.
It was a potion of brilliance.
The orc wizard gestures at you while chanting.
The magic dart hits you!
You die...

## .# ###### .# #....#
.# ### #.##.#
.####.#####.##.#######
.'.<...........o@o...#
.####.##.#######o###.#
.# #..........#o# #.#
.# #####.####.#.###.#
.# #............##.#
.# #.##.#####...##.#
.### #.##.........##.#
.+.# #.######..(..##.#
.#.# #.# ###..###.#


You could see 2 orc wizards and 2 orcs.

Vanquished Creatures
  A giant frog (D:4)
  2 orc priests (D:4)
  An orc wizard (D:4)
  A worker ant (D:4)
  5 adders
  2 giant mites (D:4)
  4 worms
  2 giant eyeballs (D:4)
  5 giant geckos
  2 oozes
  9 orcs
  3 ball pythons
  6 giant cockroaches
  9 goblins
  5 hobgoblins
  A quokka (D:3)
  13 bats
  5 giant newts
  A hobgoblin skeleton (D:4)
  5 kobolds
  11 rats
93 creatures vanquished.

Notes
Turn   | Place    | Note
--------------------------------------------------------------
     0 | D:1      | Kae, the Tengu Fire Elementalist, began the quest for the Orb.
     0 | D:1      | Reached XP level 1. HP: 10/10 MP: 3/3
   142 | D:1      | Reached XP level 2. HP: 1/15 MP: 0/5
   912 | D:1      | Reached skill level 4 in Fire Magic
  1134 | D:1      | Reached XP level 3. HP: 17/19 MP: 7/7
  1266 | D:2      | Found a glowing silver altar of Zin.
  1266 | D:2      | Noticed an angel
  1614 | D:2      | Reached XP level 4. HP: 12/24 MP: 1/8
  1769 | D:2      | Found a shimmering altar of Xom.
  2432 | D:3      | HP: 1/24 [poisoned by a kobold]
  2856 | D:3      | Reached XP level 5. HP: 19/28 MP: 11/11
  3250 | D:4      | Reached skill level 5 in Fire Magic
  3389 | D:4      | Paralysed by a giant eyeball for 4 turns
  3441 | D:4      | Found Gudau's Food Shop.
  3675 | D:4      | Reached XP level 6. HP: 27/32 MP: 11/13
  3725 | D:4      | Learned a level 2 spell: Throw Flame
  3729 | D:4      | Learned a level 3 spell: Conjure Flame
  3898 | D:4      | Paralysed by a giant eyeball for 3 turns
  4295 | D:4      | Reached skill level 5 in Conjurations
  4399 | D:5      | Entered Level 5 of the Dungeon
  4749 | D:4      | Killed from afar by an orc wizard

Action                   |  1- 3 |  4- 6 || total
-------------------------+-------+-------++-------
Melee: Unarmed           |    41 |       ||    41
       Spear             |    28 |    92 ||   120
       Staff             |       |    17 ||    17
 Cast: Flame Tongue      |    41 |    88 ||   129
  Use: Scroll            |     6 |     3 ||     9
       Potion            |     1 |     4 ||     5
 Stab: Sleeping          |     1 |     6 ||     7
       Distracted        |       |     1 ||     1
